[ PARTIDA AOE2 · #495833713 ]
UnrankedKitán vs Bengalis
Equipo del jugador · VICT
Equipo rival · DERR
[ ANÁLISIS DE REPETICIÓN · EXTRAÍDO DE LA PARTIDA GRABADA ]
Feudal
9:16
Castillos
20:51
Imperial
32:17
| APM promedio | 67.8 |
| APM pico | 118 |
| eAPM promedio | 36.8 |
| Aldeanos / militares | 110 / 22 |
Foco
⚔️ 50.4% · 🌾 49.6%
Archer ×10 · Scout Cavalry ×7 · Unknown (1923) ×4 · Monk ×3 · Battering Ram ×1 · Trebuchet (Packed) ×1
Feudal
10:05
Castillos
15:16
Imperial
32:24
| APM promedio | 44.4 |
| APM pico | 74 |
| eAPM promedio | 26.9 |
| Aldeanos / militares | 138 / 17 |
Foco
⚔️ 22.2% · 🌾 77.8%
Elephant Archer ×13 · Mangonel ×3 · Scorpion ×1
Mapa de la partida
Recursos iniciales + cada clic de construcción. Líneas = muros · curvas = relieve. ◆ oro · ⬟ piedra · ● bayas · ✦ reliquia · ◌ hueco del cierre
Tu base· ✓ Cerrada en 20:51 · 4t muro · 2 puerta(s)
Base de noah!!!!!!!!!!· ✓ Cerrada en 15:16 · 15t muro · 2 puerta(s)
Terreno inicial suavizado · ◌ = hueco del cierre detectado · pasá el cursor para detalles
Inputs por minuto
— Oni.Vinchester - - noah!!!!!!!!!!
Build order — Oni.Vinchester
Primeras 150 de 268 acciones detectadas
| 0:00 | Crear | Villager (Male) |
| 0:01 | Crear | Villager (Male) |
| 0:01 | Crear | Villager (Male) |
| 0:02 | Construir | House |
| 0:03 | Construir | House |
| 0:14 | Crear | Villager (Male) |
| 0:14 | Crear | Villager (Male) |
| 1:28 | Crear | Villager (Male) |
| 1:28 | Crear | Villager (Male) |
| 1:55 | Construir | Lumber Camp |
| 2:02 | Crear | Villager (Male) |
| 2:02 | Crear | Villager (Male) |
| 2:15 | Crear | Villager (Male) |
| 2:15 | Crear | Villager (Male) |
| 2:50 | Crear | Villager (Male) |
| 2:58 | Crear | Villager (Male) |
| 3:24 | Construir | House |
| 3:25 | Construir | House |
| 3:39 | Crear | Villager (Male) |
| 4:00 | Crear | Villager (Male) |
| 4:10 | Crear | Villager (Male) |
| 4:19 | Construir | Mill |
| 4:31 | Crear | Villager (Male) |
| 4:51 | Crear | Villager (Male) |
| 5:33 | Crear | Villager (Male) |
| 5:52 | Crear | Villager (Male) |
| 6:21 | Crear | Villager (Male) |
| 7:01 | Investigar | Loom |
| 7:05 | Investigar | Feudal Age |
| 7:05 | Investigar | Feudal Age |
| 7:14 | Construir | Mining Camp |
| 8:01 | Crear | Villager (Male) |
| 8:05 | Construir | Barracks |
| 8:07 | Construir | House |
| 8:49 | Construir | Palisade Wall |
| 9:12 | Crear | Villager (Male) |
| 9:16 | Edad | Edad Feudal |
| 9:17 | Construir | Watch Tower |
| 9:19 | Construir | Archery Range |
| 9:19 | Investigar | Double-Bit Axe |
| 9:45 | Construir | Mining Camp |
| 9:52 | Crear | Villager (Male) |
| 10:12 | Crear | Archer |
| 10:16 | Crear | Villager (Male) |
| 10:43 | Crear | Archer |
| 10:56 | Crear | Villager (Male) |
| 11:10 | Crear | Villager (Male) |
| 11:11 | Construir | Blacksmith |
| 11:13 | Construir | House |
| 11:16 | Construir | House |
| 11:22 | Crear | Archer |
| 11:26 | Investigar | Tech 1014 |
| 11:26 | Investigar | Tech 1014 |
| 11:27 | Crear | Villager (Male) |
| 11:38 | Crear | Villager (Male) |
| 11:49 | Crear | Archer |
| 12:01 | Investigar | Fletching |
| 12:01 | Investigar | Fletching |
| 12:09 | Investigar | Loom |
| 12:27 | Crear | Villager (Male) |
| 12:30 | Construir | Pasture |
| 12:36 | Construir | Watch Tower |
| 12:50 | Crear | Villager (Male) |
| 13:02 | Crear | Archer |
| 13:07 | Crear | Villager (Male) |
| 13:20 | Crear | Villager (Male) |
| 13:31 | Construir | House |
| 13:32 | Crear | Villager (Male) |
| 13:35 | Crear | Archer |
| 13:35 | Crear | Villager (Male) |
| 13:40 | Construir | Pasture |
| 13:52 | Crear | Archer |
| 13:58 | Crear | Villager (Male) |
| 14:20 | Construir | Palisade Wall |
| 14:21 | Construir | Palisade Wall |
| 14:23 | Construir | Palisade Wall |
| 14:28 | Construir | Watch Tower |
| 14:31 | Crear | Villager (Male) |
| 14:35 | Crear | Villager (Male) |
| 14:37 | Construir | Pasture |
| 14:42 | Crear | Archer |
| 14:59 | Crear | Villager (Male) |
| 15:01 | Crear | Archer |
| 15:29 | Construir | House |
| 15:29 | Construir | House |
| 15:32 | Crear | Villager (Male) |
| 15:33 | Construir | Pasture |
| 15:41 | Crear | Archer |
| 15:57 | Crear | Villager (Male) |
| 16:00 | Construir | Pasture |
| 16:17 | Crear | Villager (Male) |
| 16:51 | Crear | Villager (Male) |
| 16:52 | Construir | House |
| 16:54 | Construir | Pasture |
| 17:28 | Crear | Villager (Male) |
| 17:45 | Construir | Stable |
| 18:01 | Construir | Pasture |
| 18:11 | Investigar | Castle Age |
| 18:11 | Investigar | Castle Age |
| 18:28 | Crear | Scout Cavalry |
| 18:50 | Crear | Scout Cavalry |
| 19:17 | Crear | Scout Cavalry |
| 19:22 | Construir | Pasture |
| 19:26 | Investigar | Forging |
| 19:26 | Investigar | Forging |
| 20:03 | Crear | Scout Cavalry |
| 20:24 | Crear | Scout Cavalry |
| 20:29 | Crear | Villager (Male) |
| 20:51 | Edad | Edad de los Castillos |
| 20:52 | Construir | Monastery |
| 20:53 | Investigar | Bow Saw |
| 20:59 | Construir | Town Center |
| 21:21 | Construir | House |
| 21:23 | Investigar | Tech 1013 |
| 21:23 | Crear | Villager (Male) |
| 21:37 | Crear | Monk |
| 21:42 | Crear | Villager (Male) |
| 21:51 | Crear | Villager (Male) |
| 21:55 | Investigar | Wheelbarrow |
| 22:12 | Crear | Monk |
| 22:13 | Crear | Villager (Male) |
| 22:33 | Crear | Villager (Male) |
| 22:36 | Crear | Villager (Male) |
| 22:37 | Crear | Villager (Male) |
| 22:38 | Construir | Town Center |
| 23:07 | Crear | Villager (Male) |
| 23:10 | Construir | Pasture |
| 23:16 | Crear | Villager (Male) |
| 23:27 | Crear | Villager (Male) |
| 23:29 | Construir | House |
| 23:30 | Construir | House |
| 23:32 | Construir | Pasture |
| 23:38 | Crear | Villager (Male) |
| 23:41 | Crear | Monk |
| 23:59 | Investigar | Hand Cart |
| 24:00 | Investigar | Hand Cart |
| 24:03 | Crear | Villager (Male) |
| 24:03 | Crear | Villager (Male) |
| 24:19 | Crear | Villager (Male) |
| 24:23 | Construir | Pasture |
| 24:26 | Crear | Villager (Male) |
| 24:26 | Crear | Villager (Male) |
| 24:34 | Crear | Villager (Male) |
| 24:47 | Crear | Villager (Male) |
| 24:51 | Construir | Pasture |
| 24:58 | Construir | Pasture |
| 24:58 | Construir | Pasture |
| 25:00 | Crear | Villager (Male) |
| 25:13 | Crear | Villager (Male) |
| 25:14 | Crear | Villager (Male) |
Build order — noah!!!!!!!!!!
Primeras 150 de 314 acciones detectadas
| 0:00 | Crear | Villager (Male) |
| 0:00 | Crear | Villager (Male) |
| 0:00 | Crear | Villager (Male) |
| 0:01 | Crear | Villager (Male) |
| 0:02 | Construir | House |
| 0:02 | Construir | House |
| 1:26 | Crear | Villager (Male) |
| 1:43 | Construir | Lumber Camp |
| 2:02 | Crear | Villager (Male) |
| 2:04 | Crear | Villager (Male) |
| 2:28 | Crear | Villager (Male) |
| 3:10 | Crear | Villager (Male) |
| 3:12 | Crear | Villager (Male) |
| 3:29 | Construir | House |
| 4:00 | Crear | Villager (Male) |
| 4:17 | Crear | Villager (Male) |
| 4:25 | Crear | Villager (Male) |
| 5:03 | Construir | House |
| 5:06 | Construir | House |
| 5:18 | Crear | Villager (Male) |
| 5:21 | Crear | Villager (Male) |
| 5:28 | Construir | Mill |
| 5:39 | Crear | Villager (Male) |
| 5:43 | Crear | Villager (Male) |
| 5:45 | Crear | Villager (Male) |
| 5:45 | Crear | Villager (Male) |
| 5:59 | Construir | Lumber Camp |
| 7:08 | Construir | Farm |
| 7:43 | Crear | Villager (Male) |
| 7:52 | Investigar | Feudal Age |
| 7:59 | Construir | Mining Camp |
| 8:43 | Crear | Villager (Male) |
| 8:45 | Crear | Villager (Male) |
| 9:13 | Investigar | Loom |
| 9:51 | Construir | House |
| 9:58 | Crear | Villager (Male) |
| 10:05 | Edad | Edad Feudal |
| 10:07 | Construir | Blacksmith |
| 10:09 | Construir | Market |
| 10:25 | Construir | Stone Wall |
| 10:28 | Crear | Villager (Male) |
| 11:04 | Crear | Villager (Male) |
| 11:14 | Construir | Farm |
| 11:16 | Construir | Farm |
| 11:22 | Crear | Villager (Male) |
| 11:29 | Construir | Stone Wall |
| 11:36 | Construir | Stone Wall |
| 11:46 | Construir | Mining Camp |
| 12:09 | Crear | Villager (Male) |
| 12:13 | Construir | Stone Wall |
| 12:22 | Construir | Stone Wall |
| 12:36 | Investigar | Castle Age |
| 12:36 | Investigar | Castle Age |
| 12:44 | Construir | Stone Wall |
| 12:45 | Construir | Stone Wall |
| 13:40 | Construir | House |
| 13:40 | Construir | House |
| 13:47 | Construir | Farm |
| 13:59 | Construir | House |
| 14:01 | Construir | House |
| 14:13 | Construir | Stone Wall |
| 14:14 | Construir | Stone Wall |
| 14:46 | Construir | House |
| 14:48 | Construir | House |
| 14:50 | Construir | House |
| 14:55 | Crear | Villager (Male) |
| 15:02 | Construir | Stone Wall |
| 15:05 | Crear | Villager (Male) |
| 15:15 | Crear | Villager (Male) |
| 15:16 | Edad | Edad de los Castillos |
| 15:19 | Construir | Siege Workshop |
| 15:23 | Crear | Villager (Male) |
| 15:32 | Crear | Villager (Male) |
| 15:44 | Crear | Scorpion |
| 15:48 | Construir | Farm |
| 15:50 | Construir | Farm |
| 15:50 | Investigar | Double-Bit Axe |
| 16:15 | Crear | Villager (Male) |
| 16:20 | Construir | Farm |
| 16:34 | Crear | Mangonel |
| 16:45 | Crear | Villager (Male) |
| 17:02 | Crear | Villager (Male) |
| 17:16 | Crear | Mangonel |
| 17:52 | Construir | Farm |
| 17:54 | Crear | Villager (Male) |
| 18:17 | Construir | Town Center |
| 18:20 | Crear | Villager (Male) |
| 18:29 | Crear | Villager (Male) |
| 18:43 | Construir | Farm |
| 18:46 | Crear | Villager (Male) |
| 18:53 | Crear | Villager (Male) |
| 19:00 | Crear | Villager (Male) |
| 19:11 | Crear | Villager (Male) |
| 19:27 | Construir | Stone Wall |
| 19:54 | Crear | Villager (Male) |
| 20:13 | Crear | Mangonel |
| 20:15 | Construir | Barracks |
| 20:23 | Construir | House |
| 20:28 | Construir | House |
| 20:32 | Construir | Gate |
| 20:40 | Construir | House |
| 20:44 | Construir | Farm |
| 20:49 | Crear | Villager (Male) |
| 20:56 | Construir | Farm |
| 20:58 | Investigar | Horse Collar |
| 20:59 | Crear | Villager (Male) |
| 21:01 | Construir | Farm |
| 21:03 | Construir | Farm |
| 21:10 | Crear | Villager (Male) |
| 21:32 | Construir | Farm |
| 21:35 | Construir | Farm |
| 21:35 | Crear | Villager (Male) |
| 21:37 | Construir | Farm |
| 21:53 | Construir | Farm |
| 21:56 | Construir | Farm |
| 21:57 | Crear | Villager (Male) |
| 21:59 | Crear | Villager (Male) |
| 21:59 | Crear | Villager (Male) |
| 22:13 | Construir | Farm |
| 22:13 | Crear | Villager (Male) |
| 22:21 | Construir | Farm |
| 22:29 | Crear | Villager (Male) |
| 22:46 | Crear | Villager (Male) |
| 23:01 | Crear | Villager (Male) |
| 23:06 | Construir | Town Center |
| 23:07 | Crear | Villager (Male) |
| 23:13 | Construir | Farm |
| 23:19 | Crear | Villager (Male) |
| 23:22 | Crear | Villager (Male) |
| 23:34 | Investigar | Bow Saw |
| 23:35 | Crear | Villager (Male) |
| 23:41 | Construir | Farm |
| 23:47 | Crear | Villager (Male) |
| 23:54 | Construir | Farm |
| 23:55 | Crear | Villager (Male) |
| 24:01 | Crear | Villager (Male) |
| 24:12 | Construir | Farm |
| 24:14 | Construir | Farm |
| 24:22 | Construir | Lumber Camp |
| 24:23 | Crear | Villager (Male) |
| 24:32 | Construir | Farm |
| 24:33 | Crear | Villager (Male) |
| 24:37 | Crear | Villager (Male) |
| 24:37 | Crear | Villager (Male) |
| 24:43 | Construir | House |
| 24:44 | Construir | House |
| 24:45 | Crear | Villager (Male) |
| 24:47 | Construir | Farm |
| 24:57 | Construir | Farm |
| 24:57 | Crear | Villager (Male) |
Cronología de la partida
| 8:05 | Oni.Vinchester · first_building Barracks |
| 8:49 | Oni.Vinchester · wall_segment Palisade Wall x1 |
| 9:16 | Oni.Vinchester · age_up feudal |
| 9:19 | Oni.Vinchester · first_building Archery Range |
| 10:05 | noah!!!!!!!!!! · age_up feudal |
| 10:25 | noah!!!!!!!!!! · wall_segment Stone Wall x1 |
| 11:29 | noah!!!!!!!!!! · wall_segment Stone Wall x1 |
| 11:36 | noah!!!!!!!!!! · wall_segment Stone Wall x5 |
| 12:13 | noah!!!!!!!!!! · wall_segment Stone Wall x1 |
| 12:22 | noah!!!!!!!!!! · wall_segment Stone Wall x2 |
| 12:25 | noah!!!!!!!!!! · first_market_buy 100 food |
| 12:44 | noah!!!!!!!!!! · wall_segment Stone Wall x1 |
| 12:45 | noah!!!!!!!!!! · wall_segment Stone Wall x1 |
| 14:13 | noah!!!!!!!!!! · wall_segment Stone Wall x1 |
| 14:14 | noah!!!!!!!!!! · wall_segment Stone Wall x1 |
| 14:20 | Oni.Vinchester · wall_segment Palisade Wall x1 |
| 14:21 | Oni.Vinchester · wall_segment Palisade Wall x1 |
| 14:23 | Oni.Vinchester · wall_segment Palisade Wall x1 |
| 15:02 | noah!!!!!!!!!! · wall_segment Stone Wall x1 |
| 15:16 | noah!!!!!!!!!! · age_up castle |
| 15:19 | noah!!!!!!!!!! · first_building Siege Workshop |
| 17:15 | noah!!!!!!!!!! · first_market_sell 100 stone |
| 17:45 | Oni.Vinchester · first_building Stable |
| 19:27 | noah!!!!!!!!!! · wall_segment Stone Wall x1 |
| 20:15 | noah!!!!!!!!!! · first_building Barracks |
| 20:51 | Oni.Vinchester · age_up castle |
| 20:52 | Oni.Vinchester · first_building Monastery |
| 31:15 | Oni.Vinchester · first_building Siege Workshop |
| 31:20 | Oni.Vinchester · first_building Castle |
| 31:27 | noah!!!!!!!!!! · first_building Archery Range |
| 32:01 | noah!!!!!!!!!! · wall_segment Palisade Wall x1 |
| 32:17 | Oni.Vinchester · age_up imperial |
| 32:24 | noah!!!!!!!!!! · age_up imperial |
| 32:31 | noah!!!!!!!!!! · first_building Castle |
| 34:01 | noah!!!!!!!!!! · resign |
[ ANÁLISIS IA · 1 CRÉDITO ]
¿Qué pasó realmente en esta partida?
Wolo.gg analiza cada decisión: build order, eco, micro, errores típicos por bracket. Análisis personalizado por WhatsApp o Discord en 30 segundos.
Guía civ
Kitán
Perfil
Vinch